 Dungeon Crawl Stone Soup version 0.24.1-14-gf8d2b509d9 (webtiles) character file.

Game seed: 17920275181609712935, levelgen mode: deterministic

287 mortelune the Changer (level 6, 0/41 HPs)
             Began as an Octopode Transmuter on May 19, 2020.
             Slain by Dowan
             ... wielding a +0 dagger of draining
              (1 damage)
             ... on level 4 of the Dungeon.
             The game lasted 00:07:06 (4314 turns).

mortelune the Changer (Octopode Transmuter)         Turns: 4314, Time: 00:07:07

Health: 0/41       AC:  1    Str:  9    XL:     6   Next: 30%
Magic:  18/19      EV: 13    Int: 18    God:
Gold:   138        SH:  0    Dex: 12    Spells: 5/11 levels left

rFire    . . .     SeeInvis .   b - +2 hunting sling
rCold    . . .     Gourm    .   (no shield)
rNeg     . . .     Faith    .   (helmet restricted)
rPois    .         Spirit   .   (no amulet)
rElec    .         Reflect  .   o - ring of magical power
rCorr    .         Harm     .   (no ring)
MR       .....                  (no ring)
Stlth    ++........             (no ring)
HPRegen  0.13/turn              (no ring)
MPRegen  0.16/turn              (no ring)
                                (no ring)
                                (no ring)

@: flying, drained
A: almost no armour, stealthy swim, amphibious, 8 rings, constrict 8, camouflage
1, gelatinous body 1
a: no special abilities


You were on level 4 of the Dungeon.
You were not hungry.

You visited 1 branch of the dungeon, and saw 4 of its levels.

You collected 138 gold pieces.

Inventory:

Hand Weapons
 b - a +2 hunting sling (weapon)
Missiles
 l - 25 sling bullets (quivered)
 m - 6 boomerangs
 Q - 9 arrows
Jewellery
 o - a ring of magical power (left tentacle)
Scrolls
 e - 3 scrolls of fear
Potions
 d - a potion of haste {unknown}
 j - 3 potions of flight
 k - a potion of curing {unknown}


   Skills:
 + Level 2.8(2.1) Fighting
 + Level 2.5(1.8) Dodging
 + Level 3.3(2.6) Unarmed Combat
 + Level 3.1(2.4) Spellcasting
 * Level 4.4(3.7) Transmutations


You had 5 spell levels left.
You knew the following spells:

 Your Spells              Type           Power        Failure   Level  Hunger
a - Beastly Appendage     Tmut           ###...       3%          1    #......
b - Sticks to Snakes      Tmut           ###.....     5%          2    ##.....
c - Spider Form           Tmut/Pois      #.........   24%         3    ###....

Your spell library contained the following spells:

 Spells                   Type           Power        Failure   Level  Hunger
 Ice Form                 Ice/Tmut       #.......     63%         4    #####..
 Blade Hands              Tmut           ###.......   71%         5    ######.


Dungeon Overview and Level Annotations

Branches:
Dungeon (4/15)             Temple (0/1) D:4

Altars:

Annotations:
D:4 Dowan, Duvessa


Innate Abilities, Weirdness & Mutations

You cannot wear most types of armour.
You are very stealthy in the water. (Stealth+)
You are amphibious.
You can wear up to eight rings at the same time.
You can use your tentacles to constrict eight enemies at once.
Your skin changes colour to match your surroundings (Stealth+).
Your rubbery body absorbs attacks. (AC +1, EV +1)


Message History

* * * LOW HITPOINT WARNING * * *
Dowan barely misses you.
It was a potion of cancellation.
Your magical effects are unravelling.
You feel magically purged.
Your transformation has ended.
Your +2 hunting sling unmelds from your body.
You feel a little less mighty now. Duvessa misses you.
Dowan hits you with a +0 dagger of draining.
* * * LOW HITPOINT WARNING * * *
You feel drained. Duvessa hits you with a +0 short sword.
* * * LOW HITPOINT WARNING * * *
It was a potion of flight.
You feel very buoyant.
You fly up into the air.
Duvessa completely misses you.
Dowan hits you with a +0 dagger of draining.
* * * LOW HITPOINT WARNING * * *
You feel drained.
You die...

# . . . .
##############################.
#<...........e@e...((((.((...((
#############################.#
#.# #.# #.# #.# #.# #.#


You could see Duvessa and Dowan.

Vanquished Creatures
  A howler monkey (D:4)
  An orc priest (D:3)
  An iguana (D:4)
  8 gnolls
  2 adders (D:2)
  2 oozes
  4 worms (D:2)
  3 dart slugs
  A leopard gecko (D:3)
  2 orcs (D:3)
  9 bats
  2 giant cockroaches
  9 goblins
  8 hobgoblins
  2 jackals (D:3)
  12 kobolds
  A quokka (D:2)
  A ball python (D:1)
  3 frilled lizards
  4 rats
76 creatures vanquished.

Vanquished Creatures (collateral kills)
  A kobold (D:3)
1 creature vanquished.

Grand Total: 77 creatures vanquished

Notes
Turn   | Place    | Note
-------+----------+-------------------------------------------
     0 | D:1      | mortelune the Octopode Transmuter began the quest for the
                  | Orb.
     0 | D:1      | Reached XP level 1. HP: 13/13 MP: 3/3
    20 | D:1      | Reached XP level 2. HP: 18/18 MP: 3/5
   230 | D:1      | Reached XP level 3. HP: 22/23 MP: 6/6
   237 | D:1      | Learned a level 2 spell: Sticks to Snakes
   241 | D:1      | Learned a level 3 spell: Spider Form
   621 | D:1      | Reached skill level 3 in Transmutations
  1502 | D:2      | Reached XP level 4. HP: 21/29 MP: 7/7
  1881 | D:2      | You fall into a shaft and drop 1 floor!
  2146 | D:3      | Reached XP level 5. HP: 35/35 MP: 5/9
  2593 | D:2      | Reached skill level 4 in Transmutations
  4089 | D:3      | Reached XP level 6. HP: 41/41 MP: 10/10
  4272 | D:4      | Found a staircase to the Ecumenical Temple.
  4274 | D:4      | Noticed Dowan
  4284 | D:4      | Noticed Duvessa
  4314 | D:4      | HP: 1/41 [Dowan/+0 dagger of draining (3)]
  4314 | D:4      | Slain by Dowan

Levels and vault maps discovered:
D:1:      tarquinn_simple_flora_water_c, layout_basic
D:2:      layout_loops_corners
D:3:      layout_loops_corners
D:4:      layout_basic, minmay_temple_entry_tees, first_ration,
          nicolae_ossuary_entry_plus, serial_shops, shop, shop,
          nicolae_shop_window_shopping, kennysheep_mini, shop,
          hangedman_abyss_or_decor_stabs, minmay_ruined_shrine, uniq_duvessa

Skill      XL: |  1  2  3  4  5 |
---------------+----------------+-----
Transmutations | 3 4 |  4.4
Fighting       | 2 |  2.8
Spellcasting   | 3 |  3.1
Dodging        | |  2.5
Unarmed Combat | |  3.3

Action                   |  1- 3 |  4- 6 || total
-------------------------+-------+-------++-------
Melee: Unarmed           |    84 |   111 ||   195
       Constrict         |    22 |    11 ||    33
       Tentacles         |    11 |     6 ||    17
       Kick              |     8 |     1 ||     9
       Punch             |     3 |       ||     3
 Fire: Hunting sling     |       |    25 ||    25
Throw: Boomerang         |       |     3 ||     3
 Cast: Beastly Appendage |     6 |     2 ||     8
       Spider Form       |       |    10 ||    10
       Sticks to Snakes  |       |     3 ||     3
  Use: Scroll            |       |     7 ||     7
       Potion            |       |     3 ||     3
 Stab: Sleeping          |     4 |     5 ||     9
  Eat: Chunk             |     1 |     7 ||     8
       Ration            |       |     1 ||     1
Armor: Skin              |    11 |     5 ||    16
Dodge: Dodged            |    59 |    84 ||   143
